 Dungeon Crawl Stone Soup version 0.31-a0-833-gc15d34cb79 (webtiles) character file.

Game seed: 3929505805341125724

420 Dirtsage the Chopper (level 6, 26/70 HPs)
             Began as a Demonspawn Berserker on Sept 24, 2023.
             Was a Believer of Trog.
             Quit the game on level 3 of the Dungeon on Sept 25, 2023.
             The game lasted 00:04:45 (1907 turns).

Dirtsage the Chopper (Demonspawn Berserker)         Turns: 1907, Time: 00:04:46

Health: 26/70      AC:  6    Str: 19    XL:     6   Next: 62%
Magic:  6/6        EV: 11    Int:  8    God:    Trog [**....]
Gold:   125        SH:  0    Dex: 13    Spells: 5/5 levels left

rFire   . . .        a - +0 hand axe
rCold   . . .        (no shield)
rNeg    . . .        i - +0 ring mail
rPois   .            (helmet restricted)
rElec   .            (no cloak)
rCorr   .            d - +0 pair of gloves
SInv    .            (no boots)
Will    .....        h - amulet of faith Stlth
                     (no ring)
HPRegen 0.31/turn    (no ring)
MPRegen 0.10/turn

%: faith
@: berserking (expiring), very quick
A: antennae 2, demonic guardian 1
a: Renounce Religion, Berserk, Trog's Hand


You were on level 3 of the Dungeon.
You worshipped Trog.
Trog was pleased with you.
You visited 1 branch of the dungeon, and saw 3 of its levels.

You collected 125 gold pieces.

Inventory:

Hand Weapons
 a - a +0 hand axe (weapon)
Armour
 b - a +0 animal skin
 d - a +0 pair of gloves (worn)
 i - a +0 ring mail (worn)
Jewellery
 h - an amulet of faith (around neck)
 n - an amulet of regeneration
Wands
 o - a wand of polymorph (5)
Scrolls
 f - a scroll of identify {unknown}
 g - 2 scrolls of amnesia {unknown}
 j - a scroll of revelation {unknown}
 m - a scroll of enchant weapon {unknown}
 p - a scroll of fog {unknown}
Potions
 c - 2 potions of curing {unknown}
 e - 4 potions of enlightenment {unknown}
 k - a potion of might {unknown}
 l - a potion of mutation {unknown}


   Skills:
 - Level 3.0 Fighting
 + Level 6.9 Axes
 - Level 1.7 Armour
 - Level 1.7 Dodging


You had 5 spell levels left.
You didn't know any spells.
Your spell library contained the following spells:

 Spells                   Type           Power      Damage    Failure   Level
 Blink                    Tloc           0%         N/A       75%         2
 Lesser Beckoning         Tloc           0%         N/A       75%         2
 Momentum Strike          Conj/Tloc      0%         3d8       75%         2


Dungeon Overview and Level Annotations

Branches:
Dungeon (3/15)

Altars:
Gozag


Innate Abilities, Weirdness & Mutations

You have a pair of antennae on your head.
A weak demonic guardian rushes to your aid.


Message History

Grinder is heavily wounded.
You slash Grinder!
Grinder is severely wounded.
Grinder completely misses you.
You closely miss Grinder.
Grinder is severely wounded.
Grinder gestures at you. Pain shoots through your body!
You take 12 damage, and have 26/61 hp.
You closely miss Grinder.
Grinder is severely wounded.
You hit Grinder but do no damage.
Grinder is severely wounded.
Grinder hits you.
You take 2 damage, and have 24/61 hp.
You hit Grinder.
Grinder is almost dead.
Grinder gestures at you.
You suddenly lose the ability to move!
Grinder hits you but does no damage. Grinder gestures at you.
You barely resist. Grinder hits you.
You writhe in agony.
You can move again.
You take 2 damage, and have 22/61 hp.
Unknown command.
Unknown command.
Unknown command.
You slash Grinder!
You kill Grinder!
Trog accepts your kill.
Your Axes skill increases to level 6!
You have reached level 6!
Your demonic ancestry asserts itself...
The antennae on your head grow some more.
You regained 4 hp, and now have 26/70 hp.
MP restored: 6 Calm down first, please.
Unknown command.
Are you sure you want to abandon this character and quit the game? (Confirm with "yes".)

.........#)...................###
..............................##.
..............................###
...#...>.###.#####...###.....####
...#.##..###.# #...# ########..
####......)..# #...# #.#
#####.##### #...# #.# #.#
####...# #.# #.# #.@....# #.# ...
#.##...# #.# .## #. ##### #.. #.
#. ### #. #. .. #. #.


There were no monsters in sight!

Vanquished Creatures
  Grinder (D:3)
  An orc priest (D:3)
  Jessica (D:2)
  2 orc wizards (D:3)
  3 adders (D:2)
  3 gnolls (D:3)
  2 worms (D:2)
  2 dart slugs
  4 orcs (D:3)
  3 ball pythons
  7 endoplasms
  2 giant cockroaches
  A goblin (D:2)
  8 hobgoblins
  3 quokkas
  5 bats
  4 frilled lizards
  A kobold (D:1)
  4 rats
57 creatures vanquished.

Vanquished Creatures (collateral kills)
  A goblin (D:1)
1 creature vanquished.

Grand Total: 58 creatures vanquished

Notes
Turn   | Place    | Note
-------+----------+-------------------------------------------
     0 | D:1      | Dirtsage the Demonspawn Berserker began the quest for the
                  | Orb.
     0 | D:1      | Reached XP level 1. HP: 18/18 MP: 1/1
    95 | D:1      | Reached skill level 3 in Axes
   147 | D:1      | Gained mutation: A weak demonic guardian rushes to your
                  | aid. [demonic ancestry]
   147 | D:1      | Reached XP level 2. HP: 19/24 MP: 2/2
   692 | D:2      | Noticed Jessica
   701 | D:2      | Reached XP level 3. HP: 26/29 MP: 3/3
   705 | D:2      | Killed Jessica
   706 | D:2      | Reached skill level 4 in Axes
   920 | D:2      | Reached ** piety under Trog
   926 | D:2      | Gained mutation: You have a pair of small antennae on your
                  | head. [demonic ancestry]
   926 | D:2      | Reached XP level 4. HP: 34/35 MP: 4/4
  1249 | D:2      | Found an opulent altar of Gozag.
  1482 | D:3      | Reached skill level 5 in Axes
  1569 | D:3      | Reached XP level 5. HP: 41/41 MP: 5/5
  1686 | D:3      | Upgraded the game from 0.31-a0-831-g143b1e81fc to
                  | 0.31-a0-833-gc15d34cb79
  1798 | D:3      | Found a faded altar of an unknown god.
  1893 | D:3      | Noticed Grinder
  1902 | D:3      | Paralysed by Grinder for 3 turns
  1906 | D:3      | Killed Grinder
  1907 | D:3      | Reached skill level 6 in Axes
  1907 | D:3      | Gained mutation: You have a pair of antennae on your head.
                  | [demonic ancestry]
  1907 | D:3      | Reached XP level 6. HP: 26/47 MP: 6/6
  1907 | D:3      | Quit the game

Illustrated notes

Levels and vault maps discovered:
D:1:      minmay_arrival_jagged, layout_loops_ring
D:2:      layout_basic, basic_altar, minivault_23, hex_intersection,
          patterned_corridor, uniq_jessica
D:3:      layout_loops_cross, elyvilon_altar_3,
          hellmonk_ecumenical_altar_leap_of_faith, uniq_grinder

Skill      XL: |  1  2  3  4  5 |
---------------+----------------+-----
Axes           | 3 4 5 6 |  6.9
Fighting       | |  3.0
Armour         | |  1.7
Dodging        | |  1.7

Action                     |  1- 3 |  4- 6 || total
---------------------------+-------+-------++-------
  Melee: Hand axe          |    86 |   111 ||   197
         Punch             |     1 |       ||     1
 Invoke: Berserk           |     1 |     5 ||     6
   Stab: Sleeping          |     1 |       ||     1
 Armour: Animal skin       |    42 |       ||    42
         Ring mail         |       |    58 ||    58
  Dodge: Dodged            |    53 |    46 ||    99

Table legend: (Time is in decaauts)
 A = Elapsed time spent in this place.
 B = Non-inter-level travel time spent in this place.
 C = Inter-level travel time spent in this place.
 D = Time resting spent in this place.
 E = Time spent auto-exploring this place.
 F = Levels seen in this place.
 G = Mean time per level.
                   A        B        C        D        E       F      G
               +--------+--------+--------+--------+--------+-----+--------+
         Total |   1960 |   1945 |     15 |    182 |   1338 |   3 |  653.3 |
       Dungeon |   1960 |   1945 |     15 |    182 |   1338 |   3 |  653.3 |
               +--------+--------+--------+--------+--------+-----+--------+

Top non-repeatable levels by time:
     D:2: 708 daAuts
     D:1: 694 daAuts
     D:3: 557 daAuts
